AoeStats
← Lucky Luck

Arabia

509868454Analyzed
2v2 RM · 4d ago on Sep 28, 2026· 61m 15s· 4 players
Game mode
Random Map
Map size
Medium (4 player)
Population
200
Speed
Normal
Resources
Standard
Victory
Conquest
Starting age
Dark Age
Ending age
Imperial Age
RankedLock teamsTeams togetherTeam positionsShared explorationLock speedFull tech treeHidden civsTurbo modeCheats
Victory
Defeat
🇪🇸 Vikings · Spain
720
+14
🇮🇹 Khmer · Italy
675
+15
🇮🇹 Turks · Italy
673
-15
🇫🇮 Danes · Finland
656
-14
Sir Burnalot of Homes
2:50 Loom
10:47 Feudal Age
11:32 Double-Bit Axe
11:29 Horse Collar
19:36 Castle Age
18:40 Town Watch
19:53 Pikeman
20:39 Squires
20:26 Arson
21:28 Fletching
21:39 Scale Mail Armor
24:07 Bow Saw
24:06 Heavy Plow
25:32 Wheelbarrow
25:02 Caravan
25:29 Gambesons
35:07 Forging
37:49 Hand Cart
38:20 Bodkin Arrow
38:41 Chain Mail Armor
40:23 Murder Holes
40:38 Masonry
40:51 Ballistics
41:13 Hamask
41:24 Elite Skirmisher
42:09 Thumb Ring
48:50 Man-at-Arms
50:09 Long Swordsman
52:48 Iron Casting
54:56 Imperial Age
55:16 Halberdier
55:20 Two-Handed Swordsman
56:30 Conscription
55:32 Northmen's Fury
56:54 Champion
Luke91
6:01 Loom
10:18 Feudal Age
10:43 Horse Collar
10:51 Double-Bit Axe
14:51 Town Watch
15:08 Stone Mining
16:52 Gold Mining
18:37 Bloodlines
19:30 Scale Barding Armor
20:45 Wheelbarrow
26:02 Castle Age
25:32 Scale Mail Armor
25:32 Padded Archer Armor
25:23 Fletching
26:48 Forging
26:03 Man-at-Arms
26:28 Arson
27:17 Heavy Plow
28:18 Gold Shaft Mining
27:59 Bow Saw
28:40 Fervor
29:22 Husbandry
31:00 Hand Cart
32:23 Town Patrol
32:45 Ballistics
32:05 Treadmill Crane
33:19 Masonry
33:21 Fortified Wall
33:07 Murder Holes
33:25 Guard Tower
33:57 Caravan
34:28 Coinage
38:58 Imperial Age
36:17 Long Swordsman
36:57 Squires
36:55 Crossbowman
38:03 Sipahi
39:25 Thumb Ring
39:20 Two-Handed Swordsman
41:02 Conscription
41:15 Architecture
41:57 Elite Janissary
43:25 Heavy Camel Rider
45:09 Banking
44:56 Artillery
49:02 Hoardings
51:37 Champion
53:31 Capped Ram
53:58 Cavalier
55:18 Keep
54:29 Arrowslits
lanciotto
12:56 Feudal Age
13:31 Double-Bit Axe
13:29 Horse Collar
15:49 Wheelbarrow
21:15 Castle Age
22:16 Stone Mining
22:21 Gold Mining
22:35 Heavy Plow
22:55 Bow Saw
23:59 Stone Shaft Mining
24:04 Gold Shaft Mining
24:34 Hand Cart
33:42 Tusk Swords
47:00 Imperial Age
47:10 Caravan
48:54 Coinage
48:53 Pikeman
51:11 Halberdier
55:53 Heavy Scorpion
Lucky Luck
2:51 Loom
10:49 Feudal Age
11:25 Double-Bit Axe
11:25 Horse Collar
23:32 Castle Age
21:33 Gold Mining
21:35 Stone Mining
21:41 Man-at-Arms
22:11 Arson
22:41 Forging
22:32 Scale Mail Armor
23:47 Man-at-Arms
23:49 Pikeman
24:29 Squires
24:48 Chain Mail Armor
25:15 Bow Saw
25:46 Gold Shaft Mining
25:40 Heavy Plow
33:38 Iron Casting
37:54 Chieftains
40:29 Imperial Age
39:09 Murder Holes
39:36 Ballistics
39:26 Fortified Wall
38:58 Treadmill Crane
40:34 Capped Ram
42:18 Blast Furnace
41:48 Plate Mail Armor
41:19 Town Watch
42:19 Siege Ram
43:25 Conscription
42:55 Elite Berserk
50:52 Chemistry
50:04 Masonry
50:00 Siege Engineers
54:35 Caravan
Connection lost

Rejoining the realm…

Still unreachable

The connection could not be restored.

Session expired

The server has moved on; the page needs a fresh start.